 Dungeon Crawl Stone Soup version 0.30-b1-2-g02819fbbbe (webtiles) character file.

Game seed: 7339814491966141845

1567 MisterFreud the Changer (level 8, -16/66 HPs)
             Began as a Red Draconian Transmuter on Aug 21, 2023.
             Demolished by a large slime creature (43 damage)
             ... on level 5 of the Dungeon.
             The game lasted 00:09:40 (5532 turns).

MisterFreud the Changer (Red Draconian Transmuter)  Turns: 5532, Time: 00:09:41

Health: -16/66     AC:  2    Str: 12    XL:     8   Next: 59%
Magic:  10/11      EV: 33    Int: 17    God:
Gold:   230        SH:  0    Dex: 16    Spells: 4/11 levels left

rFire   . .          .
                       - Unarmed
rCold   . . .        (shield currently unavailable)
rNeg    . . .        (body armour unavailable)
rPois   x            (helmet currently unavailable)
rElec   .            (cloak currently unavailable)
rCorr   .            (gloves currently unavailable)
SInv    .            (boots currently unavailable)
Will    .....        (no amulet)
Stlth   +            f - +5 ring of evasion
HPRegen 0.31/turn    t - +5 ring of evasion
MPRegen 0.12/turn

%: no passive effects
@: spider-form (expiring)
A: venomous fangs, (breathe fire), AC +6, tiny, unfitting armour, (fire
resistance 1), (cold-blooded)
a: End Transformation


You were on level 5 of the Dungeon.
You were a venomous arachnid creature.
You visited 1 branch of the dungeon, and saw 5 of its levels.

You collected 230 gold pieces.

Inventory:

Missiles
 d - 22 poisoned darts
 n - a throwing net
 o - 2 javelins
 r - 5 atropa-tipped darts
 u - a curare-tipped dart
 x - 2 boomerangs
Jewellery
 b - an amulet of faith
 f - a +5 ring of evasion (left front pincers)
 k - a ring of protection from fire
 t - a +5 ring of evasion (right front pincers)
Wands
 i - a wand of roots (8)
Scrolls
 h - a scroll of enchant weapon
 m - a scroll of amnesia
 q - a scroll of enchant armour
Potions
 a - 2 potions of lignification
 c - 4 potions of heal wounds
 e - 3 potions of haste
 g - 3 potions of might
 j - a potion of attraction
 l - a potion of degeneration {unknown}
 p - a potion of curing
 s - a potion of mutation {unknown}
 v - a potion of brilliance {unknown}


   Skills:
 - Level 4.0 Fighting
 - Level 6.0 Dodging
 - Level 6.0 Unarmed Combat
 - Level 2.0 Spellcasting
 + Level 6.4 Transmutations


You had 4 spell levels left.
You knew the following spells:

 Your Spells              Type           Power      Damage    Failure   Level
b - Spider Form           Tmut/Pois      12%        N/A       34%         3
c - Ice Form              Ice/Tmut       12%        N/A       67%         4

Your spell library contained the following spells:

 Spells                   Type           Power      Damage    Failure   Level
 Beastly Appendage        Tmut           46%        N/A       6%          1
 Wereblood                Tmut           23%        N/A       8%          2
 Scorch                   Fire           2%         2d5       50%         2
 Flame Wave               Conj/Fire      1%         2d4       96%         4
 Summon Cactus Giant      Summ           0%         N/A       100%        6


Dungeon Overview and Level Annotations

Branches:
Dungeon (5/15)
 Temple: D:4-7

Altars:
Cheibriados
Dithmenos
Trog


Innate Abilities, Weirdness & Mutations

You are a venomous arachnid creature.
You have venomous fangs.
You are tiny and dextrous.
Your spellcasting is less reliable in this form.
Your armour is entirely melded.
You are incapable of wielding weapons or throwing items.
((You can breathe blasts of fire.))
((Your fiery red scales are hard. (AC +6)))
You cannot fit into any form of body armour.
((Your flesh is heat resistant. (rF+)))
((You are cold-blooded and may be slowed by cold attacks.))


Message History

The endoplasm is heavily wounded.
The endoplasm completely misses you.
The endoplasm hits the fungus.
The endoplasm freezes you.
You are frozen.
You bite the endoplasm!
You kill the endoplasm!
You hit the slime creature.
The slime creature is poisoned.
The slime creature is lightly wounded.
You bite the slime creature!
The slime creature is moderately wounded.
A nearby fungus withers and dies.
The endoplasm hits the fungus.
The fungus begins to die.
The slime creature hits you.
The endoplasm hits the fungus.
Your transformation is almost over.
Two slime creatures merge to form a large slime creature.
You hit the large slime creature.
The large slime creature is lightly wounded.
You are no longer corroded.
You hit the large slime creature.
The large slime creature looks as sick as possible!
The large slime creature is lightly wounded.
You bite the large slime creature!
The large slime creature looks as sick as possible!
The large slime creature is moderately wounded.
You bite the large slime creature!
The large slime creature is moderately wounded.
The large slime creature misses you.
You bite the large slime creature!
The large slime creature is heavily wounded.
The large slime creature barely misses you.
You hit the large slime creature.
The large slime creature looks as sick as possible!
The large slime creature is heavily wounded.
The large slime creature hits you!!
You hit the large slime creature.
The large slime creature is heavily wounded.
The large slime creature jiggles.
The large slime creature hits you!!!
Ouch! That really hurt!
You die...

###..############ ###
###.....##÷..P..../ #.##
#...(...##.P....... #####..##
###.......##......... #.##....#
#...#....###...J÷.÷.. #........
##...#....# #...P..... #........
#.....#...###JJJJJ÷... #........
#..........# #J####### #.......)
##..##....## ##s.)...###........
#.####.#### ########.##........
###.###.....# #....'..###.###.#..
#....#......# #....######.#.#.#..
...........####.......##.........
#..........#.##......[##..#......
###..........##.......###.#..)...
#........#.##.......##....<....
#####.....##.###.....###...#...#.


You could see a large slime creature (extremely poisoned), a jelly and an
endoplasm.

Vanquished Creatures
  Grinder (D:5)
  Prince Ribbit (D:5)
  An ice beast (D:5)
  3 kobold brigands (D:5)
  2 scorpions
  A howler monkey (D:4)
  2 hounds
  3 orc priests
  2 jellies
  An iguana (D:5)
  3 orc wizards
  Natasha (thrice) (D:2)
  Terence (D:3)
  A mummy (D:5)
  15 gnolls
  5 adders
  2 white imps (D:5)
  An ufetubus (D:4)
  A worm (D:4)
  2 dart slugs
  13 orcs
  6 endoplasms
  12 giant cockroaches
  8 goblins
  5 hobgoblins
  8 jackals
  9 kobolds
  6 quokkas
  3 ball pythons
  5 bats
  6 frilled lizards
  3 rats
135 creatures vanquished.

Vanquished Creatures (others)
  A wizard (D:4)
  5 fungi (D:5)
  9 toadstools (D:5)
15 creatures vanquished.

Grand Total: 150 creatures vanquished

Notes
Turn   | Place    | Note
-------+----------+-------------------------------------------
     0 | D:1      | MisterFreud the Draconian Transmuter began the quest for
                  | the Orb.
     0 | D:1      | Reached XP level 1. HP: 16/16 MP: 3/3
   198 | D:1      | Reached XP level 2. HP: 23/23 MP: 3/5
   641 | D:1      | You fall into a shaft and drop 1 floor!
   690 | D:2      | Reached XP level 3. HP: 28/28 MP: 4/6
   916 | D:2      | Reached XP level 4. HP: 35/35 MP: 7/7
   922 | D:2      | Learned a level 3 spell: Spider Form
  1242 | D:2      | Found a faded altar of an unknown god.
  1714 | D:2      | Noticed Natasha
  1721 | D:2      | Killed Natasha
  1722 | D:2      | Reached skill level 5 in Transmutations
  1958 | D:2      | Noticed Natasha
  1965 | D:2      | Killed Natasha
  1966 | D:2      | Reached XP level 5. HP: 35/41 MP: 4/8
  2048 | D:2      | Noticed Natasha
  2056 | D:2      | Killed Natasha
  2134 | D:3      | Noticed Terence
  2146 | D:3      | Killed Terence
  2285 | D:3      | Reached XP level 6. HP: 33/51 MP: 5/9
  3303 | D:4      | Reached skill level 5 in Unarmed Combat
  3328 | D:4      | Found a shadowy altar of Dithmenos.
  3724 | D:4      | Your scales start taking on a fiery red colour.
  3724 | D:4      | Reached XP level 7. HP: 54/59 MP: 0/10
  3724 | D:4      | Gained mutation: Your flesh is heat resistant. (rF+) [Red
                  | Draconian growth]
  4223 | D:4      | Found a bloodstained altar of Trog.
  4227 | D:4      | Noticed a wizard
  4233 | D:4      | Killed a wizard
  4650 | D:5      | Entered Level 5 of the Dungeon
  4703 | D:5      | Noticed Grinder
  4716 | D:5      | Killed Grinder
  4914 | D:5      | Noticed Prince Ribbit
  4927 | D:5      | Killed Prince Ribbit
  4928 | D:5      | Reached skill level 5 in Dodging
  4928 | D:5      | Reached XP level 8. HP: 50/66 MP: 8/11
  5131 | D:5      | Learned a level 4 spell: Ice Form
  5246 | D:5      | Found a snail-covered altar of Cheibriados.
  5516 | D:5      | Noticed a slime creature
  5516 | D:5      | Noticed a slime creature
  5532 | D:5      | Demolished by a large slime creature

Illustrated notes

Levels and vault maps discovered:
D:1:      dpeg_arrival_lava_altar, layout_loops_cross
D:2:      minmay_roachtagon, layout_basic, hellmonk_ecumenical_altar_run_dry,
          minmay_pentomino_pile, uniq_natasha
D:3:      layout_basic, uniq_terence
D:4:      layout_basic, mainiacjoe_overflow_paths, trog_wizard
D:5:      cheibrodos_fertilizer, layout_cave_pools, slow_altar_1, uniq_grinder,
          uniq_prince_ribbit1

Skill      XL: |  1  2  3  4  5  6  7  8 |
---------------+-------------------------+-----
Transmutations | 3 4 5 6 |  6.4
Fighting       | 3 4 |  4.0
Unarmed Combat | 4 5 6 |  6.0
Dodging        | 5 6 |  6.0
Spellcasting   | |  2.0

Action                     |  1- 3 |  4- 6 |  7- 9 || total
---------------------------+-------+-------+-------++-------
  Melee: Unarmed           |    74 |   253 |   126 ||   453
         Tailslap          |    13 |    20 |     6 ||    39
         Kick              |    13 |       |       ||    13
         Headbutt          |     8 |       |       ||     8
         Punch             |     1 |     2 |     2 ||     5
   Cast: Beastly Appendage |    14 |       |     1 ||    15
         Spider Form       |       |    16 |    11 ||    27
Ability: Breathe Fire      |       |       |     6 ||     6
    Use: Scroll            |       |     8 |     4 ||    12
   Stab: Sleeping          |       |       |     1 ||     1
         Distracted        |       |       |     1 ||     1
 Armour: Skin              |    20 |    24 |     7 ||    51
  Dodge: Dodged            |    34 |   240 |    94 ||   368
